 Dungeon Crawl Stone Soup version 0.30-a0-808-g6e0788376e (webtiles) character file.

Game seed: 2147302934778117765

266 cforsyth the Sneak (level 6, -6/38 HPs)
             Began as a Kobold Brigand on Feb 26, 2023.
             Mangled by an iguana (9 damage)
             ... on level 4 of the Dungeon.
             The game lasted 00:02:36 (3122 turns).

cforsyth the Sneak (Kobold Brigand)                 Turns: 3122, Time: 00:02:37

Health: -6/38      AC:  3    Str:  9    XL:     6   Next: 44%
Magic:  6/6        EV: 16    Int: 12    God:
Gold:   155        SH:  0    Dex: 18    Spells: 5/5 levels left

rFire   . . .      SeeInvis .    a - +2 dagger
rCold   . . .      Faith    .    (no shield)
rNeg    . . .      Spirit   .    b - +0 robe
rPois   .          Reflect  .    (no helmet)
rElec   .          Harm     .    c - +0 cloak
rCorr   .          Rampage  .    (no gloves)
Will    .....                    (no boots)
Stlth   +++++                    (no amulet)
HPRegen 0.26/turn                (no ring)
MPRegen 0.10/turn                (no ring)

@: no status effects
A: small, no large weapons, nightstalker 3
a: no special abilities


You were on level 4 of the Dungeon.
You visited 1 branch of the dungeon, and saw 4 of its levels.

You collected 155 gold pieces.

Inventory:

Hand Weapons
 a - a +2 dagger (weapon)
Missiles
 d - 17 poisoned darts (quivered)
 e - 3 curare-tipped darts
Armour
 b - a +0 robe (worn)
 c - a +0 cloak (worn)
 u - a scarf of resistance
Jewellery
 m - a +4 ring of protection
 r - a ring of wizardry
Scrolls
 f - 2 scrolls of fog {unknown}
 g - 2 scrolls of teleportation {unknown}
 h - a scroll of enchant weapon {unknown}
 j - 3 scrolls of magic mapping {unknown}
 k - 5 scrolls of identify {unknown}
 n - a scroll of noise {unknown}
 s - a scroll of blinking {unknown}
 t - a scroll of acquirement {unknown}
Potions
 i - a potion of brilliance {unknown}
 l - a potion of might
 o - 2 potions of heal wounds {unknown}
 p - a potion of lignification {unknown}
 q - a potion of curing {unknown}
 v - a potion of flight {unknown}


   Skills:
 + Level 3.9 Fighting
 + Level 4.7 Short Blades
 - Level 2.1 Throwing
 + Level 3.6 Dodging
 + Level 6.9 Stealth


You had 5 spell levels left.
You didn't know any spells.
Your spell library contained the following spells:

 Spells                   Type           Power      Damage    Failure   Level
 Necrotise                Necr           0%         1d4       32%         1
 Vampiric Draining        Necr           0%         2d6       69%         3
 Agony                    Necr           0%         N/A       100%        5


Dungeon Overview and Level Annotations

Branches:
Dungeon (4/15)
 Temple: D:4-7

Altars:

Shops:
D:1 *!=:!

Annotations:
D:2 1 runed translucent door, Crazy Yiuf


Innate Abilities, Weirdness & Mutations

You are small and have problems with some larger weapons.
You are completely attuned to the shadows.


Message History

You are too injured to fight recklessly!
You are too injured to fight recklessly!
You are too injured to fight recklessly!
You hit the iguana.
The iguana is lightly wounded.
The iguana bites you but does no damage.
You hit the iguana but do no damage.
The iguana is lightly wounded.
The iguana barely misses you.
You hit the iguana.
The iguana is moderately wounded.
The iguana completely misses you.
You closely miss the iguana. You punch the iguana.
The iguana is moderately wounded.
The iguana closely misses you.
You hit the iguana but do no damage.
The iguana is moderately wounded.
You hit the iguana.
The iguana is moderately wounded.
The iguana closely misses you.
You hit the iguana.
The iguana is heavily wounded.
The iguana bites you!
You hit the iguana but do no damage.
The iguana is heavily wounded.
The iguana closely misses you.
You barely miss the iguana.
The iguana is heavily wounded.
You hit the iguana.
The iguana is severely wounded.
The iguana bites you!
* * * LOW HITPOINT WARNING * * *
You hit the iguana but do no damage.
The iguana is severely wounded.
The iguana bites you.
* * * LOW HITPOINT WARNING * * *
You hit the iguana but do no damage.
The iguana is severely wounded.
The iguana bites you!
You die...

.... # .... ..####
.... #....##
....#######..########
...l@...).......))...
....#############)..#
.... ###.# #### #.#
#.# #.# #.. ##. ##


You could see an iguana.

Vanquished Creatures
  A hound (D:4)
  An orc priest (D:4)
  An iguana (D:2)
  An orc wizard (D:4)
  7 adders
  A worm (D:2)
  3 dart slugs
  5 orcs
  5 endoplasms
  3 giant cockroaches
  7 goblins
  7 hobgoblins
  7 kobolds
  6 quokkas
  7 ball pythons
  7 bats
  4 frilled lizards
  10 rats
83 creatures vanquished.

Notes
Turn   | Place    | Note
-------+----------+-------------------------------------------
     0 | D:1      | cforsyth the Kobold Brigand began the quest for the Orb.
     0 | D:1      | Reached XP level 1. HP: 12/12 MP: 1/1
    82 | D:1      | Found Eniothrac's Jewellery Shop.
   123 | D:1      | Found Muzuphic's Book Emporium.
   182 | D:1      | Reached XP level 2. HP: 18/18 MP: 2/2
   216 | D:1      | Found Elunle's Distillery.
   283 | D:1      | Found Abbuobuf's Distillery.
   420 | D:1      | Found Dacrosytt's General Store.
   731 | D:2      | Reached XP level 3. HP: 22/22 MP: 3/3
   806 | D:2      | Found a runed translucent door.
   809 | D:2      | Noticed Crazy Yiuf
  1378 | D:2      | Reached skill level 6 in Stealth
  1378 | D:2      | Reached XP level 4. HP: 28/28 MP: 4/4
  1803 | D:3      | Reached XP level 5. HP: 32/32 MP: 5/5
  2621 | D:3      | Found a faded altar of an unknown god.
  3076 | D:4      | Reached XP level 6. HP: 38/38 MP: 6/6
  3122 | D:4      | Mangled by an iguana

Illustrated notes

Levels and vault maps discovered:
D:1:      tarquinn_simple_flora_water_a, layout_basic, serial_shops, shop, shop,
          shop_fountains, nicolae_shop_competitors_out_of_business,
          nicolae_shop_hallway_plus
D:2:      minmay_recursive_quarters, layout_loops_ring, uniq_crazy_yiuf_cottage
D:3:      minmay_bubble_buster, layout_basic,
          shapermc_ecumenical_altar_mp_ritualfount, serial_bayou_lagoon_a,
          minmay_close_crescents
D:4:      layout_basic, kennysheep_mini, hellmonk_ghost_happy_afterlife,
          uniq_blork_the_orc

Skill      XL: |  1  2  3  4  5 |
---------------+----------------+-----
Short Blades   | 3 4 |  4.7
Dodging        | 2 3 |  3.6
Fighting       | 3 |  3.9
Stealth        | 6 |  6.9
Throwing       | |  2.1

Action                     |  1- 3 |  4- 6 || total
---------------------------+-------+-------++-------
  Melee: Dagger            |    41 |   163 ||   204
         Punch             |       |     3 ||     3
   Stab: Sleeping          |    21 |    30 ||    51
 Armour: Robe              |     7 |    15 ||    22
  Dodge: Dodged            |     7 |   112 ||   119

Table legend: (Time is in decaauts)
 A = Elapsed time spent in this place.
 B = Non-inter-level travel time spent in this place.
 C = Inter-level travel time spent in this place.
 D = Time resting spent in this place.
 E = Time spent auto-exploring this place.
 F = Levels seen in this place.
 G = Mean time per level.
                   A        B        C        D        E       F      G
               +--------+--------+--------+--------+--------+-----+--------+
         Total |   3101 |   2990 |    111 |      0 |   2539 |   4 |  775.2 |
       Dungeon |   3101 |   2990 |    111 |      0 |   2539 |   4 |  775.2 |
               +--------+--------+--------+--------+--------+-----+--------+

Top non-repeatable levels by time:
     D:3: 1363 daAuts
     D:2: 953 daAuts
     D:1: 700 daAuts
     D:4: 84 daAuts
